AoeStats
← kevescalaya

QS Arena

503100101Analyzed
1v1 RM · 11d ago on Aug 30, 2026· 18m 59s· 2 players
Game mode
Random Map
Map size
Tiny (2 player)
Population
200
Speed
Normal
Resources
Standard
Victory
Conquest
Starting age
Dark Age
Ending age
Imperial Age
RankedLock teamsTeams togetherTeam positionsShared explorationLock speedFull tech treeHidden civsTurbo modeCheats
Victory
Defeat
🇦🇺 Spanish · Australia
947
+17
🇪🇸 Spanish · Spain
975
-17
kevescalaya
8:27 Feudal Age
12:23 Castle Age
10:25 Double-Bit Axe
11:07 Horse Collar
14:06 Wheelbarrow
16:11 Gold Mining
18:19 Loom
Hertzindakok
5:56 Loom
9:35 Feudal Age
15:03 Castle Age
13:52 Double-Bit Axe
15:56 Fletching
Connection lost

Rejoining the realm…

Still unreachable

The connection could not be restored.

Session expired

The server has moved on; the page needs a fresh start.